 Dungeon Crawl Stone Soup version 0.15-a0-885-g3d1b40c (console) character file.

235 Champion the Cudgeler (level 6, -9/62 HPs)
             Began as an Ogre Chaos Knight on May 18, 2014.
             Was a Plaything of Xom.
             Mangled by an ogre
             ... wielding a +0,+0 giant club
              (23 damage)
             ... on Level 4 of the Dungeon.
             The game lasted 00:06:08 (1112 turns).

Champion the Cudgeler (Ogre Chaos Knight)           Turns: 1112, Time: 00:06:08

HP  -9/62        AC  5     Str 20      XL: 6   Next:  5%
MP   6/6         EV  8     Int 11      God: Xom
Gold 48          SH 18     Dex  9      Spells:  0 memorised,  5 levels left

rFire  . . .     SeeInvis .     h - -3,-1 flail (curse)
rCold  . . .     Clarity  .     b - +2 robe
rNeg   . . .     Conserve .     f - +1 shield
rPois  .         rCorr    .     (helmet restricted)
rElec  .         rRot     .     (no cloak)
SustAb .         Spirit   .     (gloves unavailable)
rMut   .         Warding  .     (boots unavailable)
Gourm  .         Stasis   .     (no amulet)
MR     .....                    (no ring)
                                (no ring)

@: not resistant to hostile enchantments, very unstealthy
A: unfitting armour, hooves 1, blink 1, mutation resistance 1, tough skin 1
a: Blink, Renounce Religion


You were on level 4 of the Dungeon.
You worshipped Xom.
You were Xom's teddy bear.
You were not hungry.

You visited 1 branch of the dungeon, and saw 4 of its levels.

You collected 48 gold pieces.

Inventory:

Hand weapons
 a - a +0,+0 mace of chaos
 h - a cursed -3,-1 flail (weapon)
Armour
 b - a +2 robe (worn)
 f - a +1 shield (worn)
Magical devices
 e - a wand of confusion (2)
Comestibles
 c - a meat ration
 d - 2 chunks of worm flesh
 i - 2 chunks of iguana flesh
 j - 2 chokos
 p - an apple
Scrolls
 k - a scroll of blinking {unknown}
 n - a scroll of remove curse {unknown}
 o - 2 scrolls of fear {unknown}
 q - a scroll of teleportation {unknown}
 r - a scroll of enchant weapon II
 s - a scroll of amnesia
Potions
 l - 2 potions of cure mutation


   Skills:
 - Level 4.0 Fighting
 + Level 7.0 Maces & Flails
 - Level 2.1 Dodging
 + Level 3.1 Shields


You had 5 spell levels left.
You didn't know any spells.

Dungeon Overview and Level Annotations

Branches:
Dungeon (4/15)
 Temple: D:4-7

Altars:
Elyvilon


Innate Abilities, Weirdness & Mutations

You are too large for most types of armour.
You have tough skin (AC +1).
You have large cloven feet.
You can translocate small distances at will.
You are somewhat resistant to further mutation.


Message History

You can't unwield your weapon to draw a new one!
Unknown command.
Unknown command.
Read which item? (? for menu, Esc to quit)
As you read the scroll labeled SHECID WETHES, it crumbles to dust.
The scroll dissolves into smoke.
It was a scroll of fog.
The bat barely misses you.
Read which item? (? for menu, Esc to quit)
Okay, then.
Evoke which item? (* to show all) (? for menu, Esc to quit)
Zapping:
e - a wand of confusion {zapped: 1}
Press: ? - help, Shift-Dir - straight line, f - hound
Aim: a hound (black smoke)
The hound appears confused.
The hound bites you.
* * * LOW HITPOINT WARNING * * *
The hound bites you.
* * * LOW HITPOINT WARNING * * *
You hit the hound but do no damage. The ogre hits you with a giant club!
You die...
Xom chuckles heartily!

..............)...%.).....
........#......#####.....
..............# #.....
.............# #.....
....#.#....# ....###
...#.#....#.....##
#§#§#....#.#...#
#§§§§.#....#.#.#
##@#....###..#.# #
##O#...####.##.#
##...###bZ§......# .
.......<.........#
...................
.................#
................#
...........>....
..............


You could see an ogre, a bat and a centaur skeleton.

Vanquished Creatures
  The ghost of Champion the Cudgeler, an average OgCK of Xom (D:3)
  An iguana (D:4)
  6 adders
  3 worms
  3 giant geckos
  6 orcs
  2 giant cockroaches
  A goblin (D:1)
  6 hobgoblins
  2 kobolds
  3 bats
  2 giant newts
  11 rats
47 creatures vanquished.

Notes
Turn   | Place    | Note
--------------------------------------------------------------
     0 | D:1      | Champion, the Ogre Chaos Knight, began the quest for the Orb.
     0 | D:1      | Reached XP level 1. HP: 24/24 MP: 1/1
     1 | D:1      | XOM: divination: detect items
   153 | D:1      | Reached XP level 2. HP: 24/32 MP: 2/2
   153 | D:1      | XOM: harmless Pois miscast
   241 | D:2      | Reached skill level 5 in Maces & Flails
   248 | D:2      | Reached skill level 1 in Shields
   248 | D:2      | Reached XP level 3. HP: 9/39 MP: 3/3
   274 | D:2      | Found a white marble altar of Elyvilon.
   290 | D:2      | XOM: divination: magic mapping
   642 | D:3      | Noticed Champion's ghost (average OgCK)
   653 | D:3      | Reached XP level 4. HP: 46/48 MP: 4/4
   701 | D:3      | Killed Champion's ghost
   701 | D:3      | Reached skill level 6 in Maces & Flails
   701 | D:3      | Reached XP level 5. HP: 27/54 MP: 5/5
   738 | D:3      | XOM: mild Hex miscast
   767 | D:3      | XOM: mild Necr miscast
  1071 | D:4      | XOM: give mutations
  1071 | D:4      | Gained mutation: You are somewhat resistant to further mutation. [Xom's grace]
  1071 | D:4      | Gained mutation: You have large cloven feet. [Xom's grace]
  1071 | D:4      | Gained mutation: You can translocate small distances at will. [Xom's grace]
  1081 | D:4      | Reached skill level 7 in Maces & Flails
  1081 | D:4      | Reached XP level 6. HP: 13/62 MP: 6/6
  1105 | D:4      | Noticed an ogre
  1112 | D:4      | Mangled by an ogre

Action                   |  1- 3 |  4- 6 || total
-------------------------+-------+-------++-------
Melee: Mace              |    94 |    31 ||   125
       Flail             |       |   103 ||   103
Evoke: Wand              |       |     2 ||     2
  Use: Scroll            |     5 |     3 ||     8
       Potion            |       |     4 ||     4
 Stab: Paralysed         |     4 |       ||     4
       Confused          |       |     1 ||     1
       Invisible         |       |     1 ||     1
